 Dungeon Crawl Stone Soup version 0.22-a0-135-g6f012ad52b (webtiles) character file.

193485 Horrz the Severer (level 18, -4/170 HPs)
             Began as a Hill Orc Fighter on Dec 1, 2017.
             Was the Champion of Okawaru.
             Shot with a bolt by a naga sharpshooter (10 damage)
             ... on level 4 of the Snake Pit on Feb 1, 2018.
             The game lasted 03:18:10 (29882 turns).

Horrz the Severer (Hill Orc Fighter)               Turns: 29882, Time: 03:18:10

Health: -4/170     AC: 41    Str: 28    XL:     18   Next: 72%
Magic:  15/23      EV: 21    Int: 13    God:    Okawaru [******]
Gold:   2486       SH:  0    Dex: 22    Spells: 17/17 levels left

rFire    + . .     SeeInvis +   R - +0 battleaxe (freeze)
rCold    + . .     Gourm    .   (shield currently unavailable)
rNeg     + . .     Faith    .   H - +15 Maxwell's patent armour {-Cast -Tele rElec MR+ rCorr}
rPois    +         Spirit   .   x - +0 helmet {SInv}
rElec    +         Reflect  .   S - scarf {rC+ rF+}
rCorr    +         Harm     .   k - +0 pair of gloves
MR       ++...     NoTele   +   K - +1 pair of boots of the Eleven Ghosts {rPois rCorr Dex+4 SInv} Stlth ..........NoCast +
                                B - amulet of regeneration
HPRegen  0.78/turn              Q - +4 ring of evasion
MPRegen  0.18/turn              D - ring "Iletwic" {rN+ Str+7 Int+5 Dex+2}

@: lethally poisoned (-4 -> -4), heroism, finesse, berserk cooldown, slowed,
constricted, very slow
A: no striking features
a: Heroism, Finesse, Renounce Religion


You were on level 4 of the Snake Pit.
You worshipped Okawaru.
Okawaru was exalted by your worship.
You were hungry.

You visited 5 branches of the dungeon, and saw 28 of its levels.
You visited 1 bazaar.

You collected 2957 gold pieces.
You spent 471 gold pieces at shops.

Inventory:

Hand Weapons
 l - the +5 hand axe "Guesime" {speed, rF+ MR+}
   (Okawaru gifted it to you on level 2 of the Elven Halls)

   Attacks with this weapon are significantly faster.
   It protects you from fire.
   It affects your resistance to hostile enchantments.
 r - the +7 arbalest of the Old World {velocity, rElec rC- Int+3 SInv}
   (You found it on level 3 of the Snake Pit)

   Any bolt fired from it inflicts extra damage.
   It affects your intelligence (+3).
   It makes you vulnerable to cold.
   It insulates you from electricity.
   It lets you see invisible.
 s - a +4 hand axe of flaming
 v - the +8 mithril axe "Arga" {speed, MR+}
   (Okawaru gifted it to you on level 4 of the Snake Pit)

   Attacks with this weapon are significantly faster.
   It affects your resistance to hostile enchantments.
 L - the +10 hand crossbow "Bero" {velocity, rN+ Str+3}
   (You found it on level 1 of the Orcish Mines)

   Any bolt fired from it inflicts extra damage.
   It affects your strength (+3).
   It protects you from negative energy.
 R - a +0 battleaxe of freezing (weapon)
Missiles
 X - 361 bolts
Armour
 c - a +0 large shield
 k - a +0 pair of gloves (worn)
 x - a +0 helmet of see invisible (worn)
 H - the +15 Maxwell's patent armour (worn) {-Cast -Tele rElec MR+ rCorr}
   (Okawaru gifted it to you on level 6 of the Lair of Beasts)

   It insulates you from electricity.
   It affects your resistance to hostile enchantments.
   It prevents spellcasting.
   It prevents most forms of teleportation.
   It protects you from acid and corrosion.
 K - the +1 pair of boots of the Eleven Ghosts (worn) {rPois rCorr Dex+4 SInv}
   (You found it on level 14 of the Dungeon)

   It affects your dexterity (+4).
   It protects you from poison.
   It lets you see invisible.
   It protects you from acid and corrosion.
 M - the +8 chain mail of Darkness {Dex+2}
   (You found it on level 3 of the Lair of Beasts)

   It affects your dexterity (+2).
 S - a scarf of resistance (worn)
Jewellery
 p - an uncursed ring of see invisible
 t - a +4 ring of protection
 B - an amulet of regeneration (around neck)
 D - the ring "Iletwic" (right hand) {rN+ Str+7 Int+5 Dex+2}
   (You found it on level 6 of the Lair of Beasts)

   [ring of positive energy]

   It affects your strength (+7).
   It affects your intelligence (+5).
   It affects your dexterity (+2).
   It protects you from negative energy.
 Q - a +4 ring of evasion (left hand)
Wands
 b - a wand of flame (43)
 q - a wand of acid (14)
 u - a wand of digging (19)
 w - a wand of scattershot (6)
 E - a wand of clouds (4)
 F - a wand of enslavement (24)
 J - a wand of iceblast (31)
 N - a wand of polymorph (60)
 Y - a wand of disintegration (24)
Scrolls
 a - a scroll of silence
 g - 9 scrolls of remove curse
 h - 4 scrolls of identify
 o - 3 scrolls of magic mapping
 y - 3 scrolls of fog
 C - 8 scrolls of enchant weapon
 O - a scroll of holy word
 P - 3 scrolls of vulnerability {unknown}
 T - a scroll of enchant armour {unknown}
 U - a scroll of fear {unknown}
 V - 5 scrolls of teleportation
 W - 4 scrolls of torment {unknown}
 Z - a scroll of acquirement {unknown}
Potions
 d - 6 potions of might
 e - 2 potions of ambrosia
 i - 8 potions of curing
 j - 4 potions of berserk rage
 m - 3 potions of agility
 n - a potion of heal wounds
 z - 2 potions of experience {unknown}
 A - a potion of invisibility
 G - a potion of cancellation {unknown}
 I - 2 potions of flight
Comestibles
 f - 48 rations


   Skills:
 + Level 17.2(22.2) Fighting
 - Level 18.0(23.0) Axes
   Level 9.3(14.3) Bows
 * Level 10.3(15.3) Crossbows
 + Level 16.3(21.3) Armour
 + Level 9.7(14.7) Dodging
 - Level 11.5(16.5) Shields
 - Level 7.0 Invocations


You had 17 spell levels left.
You didn't know any spells.

Dungeon Overview and Level Annotations

Branches:
Dungeon (14/15)            Temple (0/1) D:5            Lair (6/6) D:8
 Shoals (0/4) Lair:2        Snake (4/4) Lair:4        Slime (0/5) Lair:6
    Orc (2/2) D:9             Elf (2/3) Orc:2        Vaults (0/5) D:13

Altars:
Cheibriados
Dithmenos
Fedhas
Gozag
Hepliaklqana
Kikubaaqudgha
Nemelex Xobeh
Okawaru
Sif Muna
Xom
Yredelemnul
Zin
The Shining One
Beogh

Shops:
D:12 (   Orc:2 *%[}   Snake:3 ((:(

Annotations:
D:4 1 runed door


Message History

The nagaraja is moderately wounded.
Your Maxwell's patent armour prevents you from hitting the naga sharpshooter.
You feel sick.
The nagaraja hits you but does no damage.
The nagaraja constricts you.
The salamander hits you but does no damage.
The naga sharpshooter spits poison at you.
The splash of poison hits you! You resist.
* * * LOW HITPOINT WARNING * * *
The naga sharpshooter shoots an arrow.
The arrow closely misses you.
You can now deal lightning-fast blows.
You feel sick.
The nagaraja hits you but does no damage.
* * * LOW HITPOINT WARNING * * *
The nagaraja constricts you. The nagaraja closely misses you.
The nagaraja constricts you. The salamander closely misses you.
The naga sharpshooter mumbles some strange words.
The naga sharpshooter magically shoots a bolt.
The bolt hits you!
You die...

# # N ### .. ########
###..
...######....(.######....
......NN@)....(..........
......NN))(....(........#
.......NN))((..........##
.........)).....#####..#
...#####.....(### #.## ..
######## #.# #.# #.#


You could see a naga warrior, a nagaraja, 3 naga sharpshooters and a salamander.

Vanquished Creatures
  Vashnia (Snake:2)
  A deep elf blademaster (Elf:2)
  Asterion (Snake:1)
  Gastronok (D:8)
  Frances (D:14)
  Kirke (D:13)
  A deep elf sorcerer (Elf:1)
  A stone giant (Orc:1)
  A dire elephant (Lair:5)
  Nessos (Orc:2)
  A deep elf annihilator (Elf:1)
  Snorg (D:14)
  2 ettins
  A deep elf death mage (Elf:1)
  Josephine (Orc:1)
  11 hydras
  2 vault guards (D:13)
  7 naga warriors
  6 catoblepae
  9 anacondas
  Fannar (D:12)
  6 centaur warriors
  The ghost of Lifeless the Cleaver, a novice DgGl (D:8)
  6 two-headed ogres
  22 dancing weapons
  8 death yaks
  A tengu warrior (D:13)
  5 orc high priests
  A shock serpent (Snake:4)
  12 naga sharpshooters
  23 deep elf knights
  A salamander mystic (Snake:3)
  3 unseen horrors
  A sea snake (Snake:3)
  12 deep elf archers
  3 naga ritualists
  3 necromancers (D:13)
  An orb spider (shapeshifter) (D:13)
  A wolf spider zombie (D:13)
  3 orc knights
  3 oklob plants (Lair:6)
  4 mana vipers
  3 stone giant zombies (Orc:1)
  4 orc sorcerers
  15 cyclopes
  4 manticores
  5 ugly things
  53 deep elf magi
  4 salamanders
  10 naga magi
  15 elephants
  19 black mambas
  2 guardian serpents (Snake:1)
  9 spiny frogs
  3 gargoyles
  5 komodo dragons
  3 efreet (D:13)
  5 rime drakes
  2 polar bears
  A meliai (D:13)
  5 trolls
  11 blink frogs
  12 hippogriffs
  A meliai zombie (D:14)
  4 dream sheep (Lair:6)
  The ghost of loom the Conjurer, an amateur DECj (D:4)
  A shadow (D:12)
  An air elemental (Elf:1)
  2 water elementals
  4 wyverns
  62 yaks
  5 wraiths
  A spriggan (D:8)
  4 hogs (D:13)
  20 humans (D:13)
  A fire elemental (Elf:1)
  A hungry ghost (D:11)
  5 vampire mosquitoes
  A basilisk (D:10)
  26 nagas
  10 wargs
  10 porcupines
  12 water moccasins
  31 orc warriors
  3 phantoms
  3 ice beasts
  4 sky beasts
  2 black bears
  19 wolves
  2 necrophages
  14 ogres
  14 centaurs
  16 crocodiles
  18 bullfrogs
  3 big kobolds
  Blork the orc (D:5)
  A cyclops zombie (Orc:1)
  An earth elemental (Elf:2)
  A gnoll sergeant (D:11)
  2 wyvern skeletons
  A water moccasin zombie (D:8)
  5 scorpions
  5 killer bees (D:9)
  3 wights (D:8)
  2 howler monkeys
  8 crimson imps
  3 centaur zombies
  A bullfrog skeleton (D:13)
  3 centaur skeletons
  9 hounds
  4 jellies
  A bullfrog zombie (D:8)
  Crazy Yiuf (D:3)
  27 orc priests
  Jessica (D:3)
  3 iguanas
  Terence (D:2)
  Natasha (thrice) (D:4 D:3)
  28 orc wizards
  8 worker ants
  A killer bee zombie (D:8)
  A hound skeleton (D:9)
  8 gnolls
  2 howler monkey skeletons
  3 worker ant zombies
  9 adders
  3 shadow imps
  2 worms
  A dart slug (D:1)
  7 leopard geckos
  72 orcs
  3 ball pythons
  4 giant cockroaches
  6 goblins
  7 hobgoblins
  12 jackals
  6 quokkas
  6 bats
  5 frilled lizards
  24 kobolds
  A leopard gecko skeleton (D:5)
  7 rats
  4 fungi
  3 plants
983 creatures vanquished.

Vanquished Creatures (others)
  A deep elf archer (Elf:1)
  A deep elf mage (Elf:1)
  A human (D:13)
  A hobgoblin (D:1)
  A jackal (D:1)
  A rat (D:1)
  11 fungi (Lair:6)
  14 plants
31 creatures vanquished.

Grand Total: 1014 creatures vanquished

Notes
Turn   | Place    | Note
-------+----------+-------------------------------------------
     0 | D:1      | Horrz the Hill Orc Fighter began the quest for the Orb.
     0 | D:1      | Reached XP level 1. HP: 19/19 MP: 1/1
    67 | D:1      | Reached skill level 3 in Axes
   102 | D:1      | Reached XP level 2. HP: 22/27 MP: 2/2
   461 | D:1      | Reached XP level 3. HP: 32/34 MP: 3/3
   724 | D:2      | Reached skill level 4 in Axes
   743 | D:2      | Noticed a bullfrog
   753 | D:2      | Killed a bullfrog
   753 | D:2      | Reached skill level 5 in Fighting
   753 | D:2      | Reached XP level 4. HP: 34/42 MP: 4/4
   771 | D:2      | Reached skill level 5 in Axes
   797 | D:2      | Reached XP level 5. HP: 37/48 MP: 5/5
   945 | D:2      | Noticed Terence
   954 | D:2      | Killed Terence
  1602 | D:3      | Noticed Natasha
  1645 | D:4      | Killed Natasha
  2062 | D:3      | Noticed Jessica
  2066 | D:3      | Killed Jessica
  2066 | D:3      | Reached XP level 6. HP: 57/57 MP: 6/6
  2164 | D:3      | Found a runed door.
  2168 | D:3      | Noticed Crazy Yiuf
  2177 | D:3      | Killed Crazy Yiuf
  2177 | D:3      | Reached skill level 1 in Dodging
  2713 | D:3      | Reached skill level 6 in Axes
  2713 | D:3      | Reached XP level 7. HP: 46/63 MP: 7/7
  2898 | D:4      | Noticed Natasha
  2921 | D:3      | Killed Natasha
  3135 | D:3      | Noticed Natasha
  3143 | D:3      | Killed Natasha
  3186 | D:4      | Found an iron altar of Okawaru.
  3211 | D:4      | Became a worshipper of Warmaster Okawaru
  3321 | D:4      | Found a runed door.
  3321 | D:4      | Noticed a human
  3331 | D:4      | Found a basalt altar of Yredelemnul.
  3470 | D:4      | Noticed loom's ghost (amateur DECj)
  3489 | D:4      | Killed loom's ghost
  3489 | D:4      | Reached skill level 5 in Shields
  3489 | D:4      | Reached XP level 8. HP: 30/71 MP: 8/8
  3718 | D:4      | Reached skill level 5 in Armour
  3830 | D:5      | Entered Level 5 of the Dungeon
  4030 | D:5      | Noticed Blork the orc
  4030 | D:5      | Upgraded the game from 0.21-a0-510-g5070ee8bc0 to 0.21-a0-521-g1cd18d1148
  4040 | D:6      | Reached * piety under Okawaru
  4042 | D:6      | Reached skill level 7 in Axes
  4205 | D:5      | Killed Blork the orc
  4500 | D:5      | Reached skill level 8 in Axes
  4631 | D:5      | Reached skill level 9 in Axes
  4636 | D:5      | Found a shadowy altar of Dithmenos.
  4657 | D:5      | Reached XP level 9. HP: 59/79 MP: 9/9
  4738 | D:5      | Found a staircase to the Ecumenical Temple.
  4772 | D:5      | Reached skill level 10 in Axes
  5161 | D:6      | Reached ** piety under Okawaru
  5639 | D:6      | Reached skill level 1 in Bows
  5744 | D:6      | Found an opulent altar of Gozag.
  5749 | D:6      | Found a glowing silver altar of Zin.
  5750 | D:6      | Found a hazy altar of Hepliaklqana.
  5751 | D:6      | Found a basalt altar of Yredelemnul.
  5752 | D:6      | Found a snail-covered altar of Cheibriados.
  5753 | D:6      | Found a shimmering altar of Xom.
  5754 | D:6      | Found a shadowy altar of Dithmenos.
  5935 | D:7      | Noticed a two-headed ogre
  5950 | D:7      | Killed a two-headed ogre
  5950 | D:7      | Reached skill level 11 in Axes
  6243 | D:7      | Found a sparkling altar of Nemelex Xobeh.
  6271 | D:7      | Reached skill level 12 in Axes
  6733 | D:7      | Reached *** piety under Okawaru
  6959 | D:7      | Reached XP level 10. HP: 82/86 MP: 10/10
  7096 | D:7      | Upgraded the game from 0.21-a0-521-g1cd18d1148 to 0.21-a0-531-gacddea6133
  7167 | D:8      | Found a blossoming altar of Fedhas.
  7200 | D:8      | Noticed Lifeless's ghost (novice DgGl)
  7305 | D:9      | You fall through a shaft for 3 floors!
  7460 | D:11     | Noticed a two-headed ogre
  7471 | D:11     | Killed a two-headed ogre
  7471 | D:11     | Reached **** piety under Okawaru
  7471 | D:11     | Reached skill level 13 in Axes
  7471 | D:11     | Reached skill level 5 in Bows
  7877 | D:10     | Entered Level 10 of the Dungeon
  8127 | D:9      | Reached skill level 14 in Axes
  8134 | D:9      | Got a warped dagger
  8149 | D:9      | Found a staircase to the Orcish Mines.
  8163 | D:8      | Noticed a two-headed ogre
  8171 | D:8      | Killed a two-headed ogre
  8171 | D:8      | Reached ***** piety under Okawaru
  8176 | D:8      | Received a gift from Okawaru
  8287 | D:8      | Killed Lifeless's ghost
  8287 | D:8      | Reached XP level 11. HP: 92/94 MP: 9/11
  8316 | D:8      | Found a staircase to the Lair.
  8579 | D:8      | Received a gift from Okawaru
  8595 | D:8      | Got a warped lajatang {god gift}
  8605 | D:8      | Identified the +7 lajatang of Resourcefulness {slice, Fragile rF+ rC+} (Okawaru gifted it to you on level 8 of the Dungeon)
  8696 | D:8      | Noticed a two-headed ogre
  8711 | D:8      | Killed a two-headed ogre
  8946 | D:8      | Noticed Gastronok
 10121 | D:10     | Reached skill level 10 in Fighting
 10183 | D:10     | Noticed an unseen horror
 10189 | D:10     | Killed an unseen horror
 10532 | Lair:1   | Entered Level 1 of the Lair of Beasts
 10691 | Lair:1   | Received a gift from Okawaru
 10877 | Lair:1   | Reached XP level 12. HP: 98/106 MP: 12/12
 11000 | Lair:1   | Reached skill level 15 in Axes
 11559 | Lair:2   | Received a gift from Okawaru
 11712 | Lair:2   | Found a staircase to the Shoals.
 11835 | Lair:2   | Reached ****** piety under Okawaru
 11839 | Lair:2   | Received a gift from Okawaru
 12247 | Lair:3   | Reached skill level 10 in Armour
 12252 | Lair:3   | Found a glowing golden altar of the Shining One.
 12288 | Lair:3   | Received a gift from Okawaru
 12296 | Lair:3   | Got a scorched hand axe {god gift}
 12301 | Lair:3   | Got an ichor-stained chain mail
 12312 | Lair:3   | Identified the +8 chain mail of Darkness {Dex+2} (You found it on level 3 of the Lair of Beasts)
 12312 | Lair:3   | Identified the +4 hand axe of the Stork {chop, rC+ Int+6} (Okawaru gifted it to you on level 3 of the Lair of Beasts)
 13664 | Lair:4   | Noticed a catoblepas
 13679 | Lair:4   | Noticed a death yak
 13687 | Lair:4   | Killed a catoblepas
 13694 | Lair:4   | Killed a death yak
 13723 | Lair:4   | Received a gift from Okawaru
 13884 | Lair:4   | Reached XP level 13. HP: 118/118 MP: 13/13
 13939 | Lair:4   | Found a deep blue altar of Sif Muna.
 13946 | Lair:4   | Found a staircase to the Snake Pit.
 14404 | Lair:6   | Entered Level 6 of the Lair of Beasts
 15648 | Lair:6   | Reached skill level 16 in Axes
 15746 | Lair:6   | Received a gift from Okawaru
 15794 | Lair:6   | Reached skill level 5 in Dodging
 16111 | Lair:6   | Noticed a dire elephant
 16235 | Lair:5   | Reached XP level 14. HP: 120/130 MP: 14/14
 16249 | Lair:5   | Killed a dire elephant
 16330 | Lair:6   | Received a gift from Okawaru
 16397 | Lair:6   | Received a gift from Okawaru
 16726 | Lair:6   | Found a staircase to the Slime Pits.
 16883 | Lair:6   | Received a gift from Okawaru
 16884 | Lair:6   | Found the +15 Maxwell's patent armour {-Cast -Tele rElec MR+ rCorr}
 17218 | Lair:6   | Got a heavily runed tin ring
 17219 | Lair:6   | Identified the ring "Iletwic" {rN+ Str+7 Int+5 Dex+2} (You found it on level 6 of the Lair of Beasts)
 17858 | D:8      | Killed Gastronok
 17882 | Orc:1    | Entered Level 1 of the Orcish Mines
 17912 | Orc:1    | Found a roughly hewn altar of Beogh.
 18265 | Orc:1    | Reached skill level 1 in Invocations
 18268 | Orc:1    | Noticed Josephine
 18272 | Orc:1    | Reached skill level 17 in Axes
 18280 | Orc:1    | Killed Josephine
 18280 | Orc:1    | Reached XP level 15. HP: 101/139 MP: 16/16
 18393 | Orc:1    | Received a gift from Okawaru
 18663 | Orc:1    | Reached skill level 15 in Fighting
 18823 | Orc:1    | Got a dazzling hand crossbow
 18824 | Orc:1    | Identified the +10 hand crossbow "Bero" {velocity, rN+ Str+3} (You found it on level 1 of the Orcish Mines)
 18827 | Orc:1    | Upgraded the game from 0.21-a0-531-gacddea6133 to 0.21-a0-537-gd2fb950b4b
 18947 | D:9      | Upgraded the game from 0.21-a0-537-gd2fb950b4b to 0.21-a0-581-gb7d493ddfc
 18950 | D:9      | Upgraded the game from 0.21-a0-581-gb7d493ddfc to 0.21-a0-583-g2c32b0fbb7
 19181 | D:8      | Found a sparkling altar of Nemelex Xobeh.
 19517 | D:11     | Upgraded the game from 0.21-a0-583-g2c32b0fbb7 to 0.21-a0-584-g185da8e1cd
 19973 | D:11     | Reached skill level 1 in Crossbows
 20281 | D:12     | Found Laotur's Antique Weapon Shoppe.
 20437 | D:12     | Noticed Fannar
 20443 | D:12     | Killed Fannar
 20445 | D:12     | Upgraded the game from 0.21-a0-584-g185da8e1cd to 0.22-a0-93-g6b88ebb18f
 20737 | D:13     | Found a gate to the Vaults.
 20753 | D:13     | Reached skill level 5 in Invocations
 20826 | D:13     | Noticed Kirke
 20855 | D:13     | Killed Kirke
 20968 | D:13     | Received a gift from Okawaru
 21330 | D:13     | Reached XP level 16. HP: 149/149 MP: 20/20
 21911 | D:14     | Reached skill level 5 in Crossbows
 21950 | D:14     | Received a gift from Okawaru
 22082 | D:14     | Noticed Frances
 22128 | D:14     | Killed Frances
 22334 | D:14     | Got a pair of translucent boots
 22340 | D:14     | Identified the +1 pair of boots of the Eleven Ghosts {rPois rCorr Dex+4 SInv} (You found it on level 14 of the Dungeon)
 22401 | D:14     | Found an iron altar of Okawaru.
 22644 | D:14     | Noticed Snorg
 22648 | D:14     | Killed Snorg
 22839 | D:14     | Found a glowing silver altar of Zin.
 23195 | Orc:2    | Entered Level 2 of the Orcish Mines
 23231 | Orc:2    | Noticed Nessos
 23309 | Orc:2    | Killed Nessos
 23338 | Orc:2    | Found a staircase to the Elven Halls.
 23351 | Orc:2    | Upgraded the game from 0.22-a0-93-g6b88ebb18f to 0.22-a0-96-g7cd46d36cf
 23487 | Orc:2    | Received a gift from Okawaru
 23531 | Orc:1    | Reached skill level 18 in Axes
 23740 | Orc:2    | Reached skill level 15 in Armour
 24030 | Orc:2    | Found a roughly hewn altar of Beogh.
 24231 | Orc:2    | Found Taxoqut's Food Shoppe.
 24231 | Orc:2    | Found Kuos's Assorted Antiques.
 24232 | Orc:2    | Found Vugifie's Antique Armour Emporium.
 24236 | Orc:2    | Found Noschook's Gadget Emporium.
 24241 | Orc:2    | Bought a scroll of identify for 66 gold pieces
 24503 | Elf:1    | Entered Level 1 of the Elven Halls
 24635 | Elf:1    | Upgraded the game from 0.22-a0-96-g7cd46d36cf to 0.22-a0-108-g89a73045dd
 25158 | Elf:1    | Received a gift from Okawaru
 25158 | Elf:1    | Reached XP level 17. HP: 149/158 MP: 22/22
 25385 | Elf:1    | Found an ancient bone altar of Kikubaaqudgha.
 25687 | Elf:2    | Upgraded the game from 0.22-a0-108-g89a73045dd to 0.22-a0-117-g314b90714a
 26121 | Elf:2    | Received a gift from Okawaru
 26137 | Elf:2    | Found a runed door.
 26147 | Elf:2    | Found a runed door.
 26216 | Elf:2    | Noticed a deep elf blademaster
 26220 | Elf:2    | Received a gift from Okawaru
 26229 | Elf:2    | Killed a deep elf blademaster
 26254 | Elf:2    | Got a smoking hand axe {god gift}
 26298 | Elf:2    | Identified the +5 hand axe "Guesime" {speed, rF+ MR+} (Okawaru gifted it to you on level 2 of the Elven Halls)
 26306 | Elf:2    | Reached skill level 10 in Shields
 26909 | Snake:1  | Entered Level 1 of the Snake Pit
 27157 | Snake:1  | Noticed Asterion
 27167 | Snake:1  | Killed Asterion
 27167 | Snake:1  | Reached XP level 18. HP: 165/168 MP: 21/23
 27220 | Snake:1  | Received a gift from Okawaru
 27236 | Snake:1  | Got a faintly glowing plate armour {god gift}
 27242 | Snake:1  | Identified the +0 plate armour of Calculation {*Drain rC+ Str+7} (Okawaru gifted it to you on level 1 of the Snake Pit)
 27643 | Snake:2  | Upgraded the game from 0.22-a0-117-g314b90714a to 0.22-a0-135-g6f012ad52b
 28025 | Snake:2  | Noticed Vashnia
 28045 | Snake:2  | Killed Vashnia
 28052 | Snake:2  | Reached skill level 10 in Crossbows
 29122 | Snake:3  | Got a bloodstained arbalest
 29123 | Snake:3  | Identified the +7 arbalest of the Old World {velocity, rElec rC- Int+3 SInv} (You found it on level 3 of the Snake Pit)
 29348 | Snake:3  | Found Tyhareag's Weapon Emporium.
 29348 | Snake:3  | Found Wuan's Antique Weapon Shoppe.
 29349 | Snake:3  | Found Laemu's Weapon Shoppe.
 29351 | Snake:3  | Found Ninwylal's Book Emporium.
 29480 | Snake:3  | Found a flickering gateway to a bazaar.
 29499 | Bazaar   | Entered a bazaar
 29499 | Bazaar   | Found Toosuser's Armour Shoppe.
 29499 | Bazaar   | Found Dorrunaf's Jewellery Shoppe.
 29499 | Bazaar   | Found Leyd's Food Emporium.
 29526 | Bazaar   | Bought a ration for 45 gold pieces
 29526 | Bazaar   | Bought a ration for 45 gold pieces
 29526 | Bazaar   | Bought a ration for 45 gold pieces
 29526 | Bazaar   | Bought a ration for 45 gold pieces
 29526 | Bazaar   | Bought a ration for 45 gold pieces
 29526 | Bazaar   | Bought a ration for 45 gold pieces
 29526 | Bazaar   | Bought a ration for 45 gold pieces
 29526 | Bazaar   | Bought a ration for 45 gold pieces
 29526 | Bazaar   | Bought a ration for 45 gold pieces
 29697 | Snake:4  | Entered Level 4 of the Snake Pit
 29818 | Snake:4  | Received a gift from Okawaru
 29819 | Snake:4  | Found the +8 mithril axe "Arga" {speed, MR+}
 29881 | Snake:4  | HP: 8/170 [naga sharpshooter/splash of poison (3)]
 29882 | Snake:4  | Shot with a bolt by a naga sharpshooter

Vault maps used:
D:1:      onia_arrival_mini_spirals, lemuel_flame_loot_1
D:2:      first_bread, uniq_terence
D:3:      uniq_crazy_yiuf_cottage, uniq_natasha, uniq_jessica
D:4:      lemuel_crystal_altar, minmay_misc_feat_tower, dk_yredelemnul_ordeal
D:5:      minmay_temple_entry_water_ring, hex_large, eino_tiny_chamber,
          grunt_dithmenos_smoke_and_mirrors, uniq_blork_the_orc
D:6:      minitemple
D:7:      lemuel_doored_altar
D:8:      fedhas_altar_fruit_tree, minmay_lair_entry_grove, the_bakery,
          nemelex_spade_bored_becter, uniq_gastronok
D:9:      orc_0_dummy
D:10:     minmay_door_square, small_statue_intersection
D:12:     serial_shops, shop, uniq_fannar
D:13:     minmay_crescents, grunt_vaults_entry_tiered, uniq_kirke
D:14:     evilmike_iron_armoury, zin_angel, grunt_ministairs_2, uniq_frances,
          uniq_snorg
Lair:1:   beast_lair_carwin_5, lemuel_fruit_fields, lemuel_fruit_fields
Lair:2:   shoals_dummy_entry, columned_hall_lemuel, grunt_megastairs_5,
          lemuel_fruit_fields
Lair:3:   basic_altar
Lair:4:   dummy_snake_entry, basic_altar, st_stairs_12, nicolae_lair_yak_garden
Lair:6:   evilmike_catoblepas_cave, minmay_slime_entry_oklob_open,
          minmay_lair_oklob_chamber, infiniplex_staircase_pool_2
Snake:1:  st_stairs_5, uniq_asterion
Snake:2:  uniq_vashnia
Snake:3:  serial_shops, bzr_entry_islet, minmay_shoptagon, serial_bayou_shore_b
Snake:4:  minmay_snake_end_coiled, stair_cage_line, st_stairs_9,
          serial_bayou_pond_a, spider_trap
Orc:1:    giant_chief_lemuel, basic_altar, uniq_josephine
Orc:2:    st_orc_mages, basic_altar, uniq_nessos
Elf:1:    basic_altar, minivault_28
Elf:2:    serial_glass, glass_columns_a, glass_columns_a, spider_trap
Bazaar:   bazaar_minmay_row

Skill      XL: |  1  2  3  4  5  6  7  8  9 10 11 12 13 14 15 16 17 18 |
---------------+-------------------------------------------------------+-----
Axes           | 3 4 5 6 9 12 14 15 16 17 18 | 18.0
Fighting       | 4 5 6 7 8 10 12 13 14 15 16 17 | 17.2
Dodging        | 1 2 3 5 6 7 8 9 |  9.7
Shields        | 4 5 7 10 11 | 11.5
Armour         | 4 5 6 9 10 12 13 14 15 16 | 16.3
Bows           | 4 6 7 8 9 |  9.3
Invocations    | 1 5 7 |  7.0
Crossbows      | 4 7 9 10 | 10.3

Action                   |  1- 3 |  4- 6 |  7- 9 | 10-12 | 13-15 | 16-18 || total
-------------------------+-------+-------+-------+-------+-------+-------++-------
Melee: War axe           |    75 |   157 |   140 |   591 |   701 |       ||  1664
       Battleaxe         |       |       |   209 |    16 |       |    64 ||   289
       Hand axe          |       |       |       |     6 |   148 |    11 ||   165
       Broad axe         |       |       |       |       |   230 |   824 ||  1054
       Hand crossbow     |       |       |       |       |     1 |       ||     1
 Fire: Shortbow          |       |       |    34 |    39 |       |       ||    73
       Longbow           |       |       |       |       |     7 |       ||     7
       Hand crossbow     |       |       |       |       |    66 |   323 ||   389
Invok: Heroism           |       |       |     2 |     2 |     3 |     8 ||    15
       Finesse           |       |       |       |       |       |     2 ||     2
  Use: Potion            |       |     4 |       |     2 |     3 |     4 ||    13
       Scroll            |       |       |     1 |     7 |     8 |     9 ||    25
  Eat: Chunk             |       |     6 |    14 |    22 |    18 |    17 ||    77
       Buggy ration      |       |       |       |       |     1 |       ||     1
       Ration            |       |       |       |       |     1 |     3 ||     4
Armor: Scale mail        |    27 |    88 |    10 |       |       |       ||   125
       Chain mail        |       |       |   202 |   318 |   316 |       ||   836
       Plate armour      |       |       |       |       |   289 |   377 ||   666
Dodge: Dodged            |    29 |    83 |   166 |   188 |   488 |   423 ||  1377
Block: Shield            |    41 |    36 |    81 |   169 |   498 |    56 ||   881
       Buckler           |       |    21 |       |       |       |       ||    21
       Large shield      |       |       |       |       |       |   754 ||   754

Table legend:
 A = Spawn XP
 B = Non-spawn XP
 C = Spawn XP percentage of total XP
 D = Spawn monster count
 E = Non-spawn monster count
 F = Spawn count percentage of total count
 G = Total turns spent on level
                    A         B        C        D         E        F      G
               +---------+---------+-------+---------+---------+-------+---------
         Total |       0 |  296213 |   0.0 |       0 |     977 |   0.0 | 29882
               +---------+---------+-------+---------+---------+-------+---------
           D:1 |       0 |      39 |   0.0 |       0 |      22 |   0.0 |   586
           D:2 |       0 |     184 |   0.0 |       0 |      17 |   0.0 |   655
           D:3 |       0 |     609 |   0.0 |       0 |      30 |   0.0 |  1590
           D:4 |       0 |     590 |   0.0 |       0 |      26 |   0.0 |  1088
           D:5 |       0 |    1025 |   0.0 |       0 |      23 |   0.0 |  1054
           D:6 |       0 |     584 |   0.0 |       0 |      16 |   0.0 |   920
           D:7 |       0 |    1890 |   0.0 |       0 |      18 |   0.0 |  1219
           D:8 |       0 |    8659 |   0.0 |       0 |      58 |   0.0 |  1268
           D:9 |       0 |    1901 |   0.0 |       0 |      15 |   0.0 |  1221
          D:10 |       0 |    3246 |   0.0 |       0 |      27 |   0.0 |  1025
          D:11 |       0 |    6932 |   0.0 |       0 |      45 |   0.0 |  1264
          D:12 |       0 |    7404 |   0.0 |       0 |      37 |   0.0 |   636
          D:13 |       0 |   24895 |   0.0 |       0 |      71 |   0.0 |  1103
          D:14 |       0 |   16358 |   0.0 |       0 |      43 |   0.0 |  1265
        Lair:1 |       0 |    3538 |   0.0 |       0 |      20 |   0.0 |  1043
        Lair:2 |       0 |    3585 |   0.0 |       0 |      24 |   0.0 |   734
        Lair:3 |       0 |    2700 |   0.0 |       0 |      11 |   0.0 |   894
        Lair:4 |       0 |    5914 |   0.0 |       0 |      23 |   0.0 |  1304
        Lair:5 |       0 |   10359 |   0.0 |       0 |      24 |   0.0 |  1596
        Lair:6 |       0 |   31347 |   0.0 |       0 |      80 |   0.0 |  1870
       Snake:1 |       0 |   19459 |   0.0 |       0 |      34 |   0.0 |   688
       Snake:2 |       0 |   20331 |   0.0 |       0 |      26 |   0.0 |  1294
       Snake:3 |       0 |    5625 |   0.0 |       0 |      11 |   0.0 |   771
       Snake:4 |       0 |   12180 |   0.0 |       0 |      26 |   0.0 |   185
         Orc:1 |       0 |   19608 |   0.0 |       0 |      70 |   0.0 |  1366
         Orc:2 |       0 |    8442 |   0.0 |       0 |      58 |   0.0 |   941
         Elf:1 |       0 |   36279 |   0.0 |       0 |      61 |   0.0 |  1036
         Elf:2 |       0 |   42530 |   0.0 |       0 |      61 |   0.0 |  1231
               +---------+---------+-------+---------+---------+-------+---------
